 Dungeon Crawl Stone Soup version 0.24-a0-504-gcfb02b9d07 (webtiles) character file.

Game seed: 4609708597207805845

31 Inarius the Caller (level 3, 24/25 HPs)
             Began as a Demonspawn Summoner on July 17, 2019.
             Got out of the dungeon alive.
             The game lasted 00:02:23 (2462 turns).

Inarius the Caller (Demonspawn Summoner)            Turns: 2462, Time: 00:02:23

Health: 24/25      AC:  2    Str:  8    XL:     3   Next: 7%
Magic:  6/6        EV: 12    Int: 17    God:
Gold:   38         SH:  0    Dex: 13    Spells: 3/6 levels left

rFire    . . .     SeeInvis .   e - +0 dagger
rCold    . . .     Gourm    .   (no shield)
rNeg     . . .     Faith    .   a - +0 robe
rPois    .         Spirit   +   (no helmet)
rElec    .         Reflect  .   (no cloak)
rCorr    .         Harm     .   (no gloves)
MR       .....                  (no boots)
Stlth    ++........             (no amulet)
HPRegen  0.08/turn              (no ring)
MPRegen  0.10/turn              (no ring)

@: no status effects
A: magic shield, rot immunity
a: no special abilities


You escaped.
You were not hungry.

You visited 1 branch of the dungeon, and saw 2 of its levels.

You collected 38 gold pieces.

Inventory:

Hand Weapons
 e - a +0 dagger (weapon)
Armour
 a - a +0 robe (worn)
 h - a +0 buckler
Scrolls
 b - 2 scrolls of fog {unknown}
 j - a scroll of noise {unknown}
 l - a scroll of enchant armour {unknown}
Potions
 d - a potion of heal wounds {unknown}
 f - a potion of might {unknown}
 g - a potion of lignification {unknown}
 i - 2 potions of brilliance {unknown}
Comestibles
 c - a ration


   Skills:
 + Level 0.4 Fighting
 + Level 2.0 Dodging
 - Level 1.8 Stealth
 + Level 2.4 Spellcasting
 + Level 4.4 Summonings


You had 3 spell levels left.
You knew the following spells:

 Your Spells              Type           Power        Failure   Level  Hunger
a - Summon Small Mammal   Summ           ###.         3%          1    #......
b - Call Imp              Summ           ###.....     4%          2    ##.....

Your spell library contained the following spells:

 Spells                   Type           Power        Failure   Level  Hunger
 Call Canine Familiar     Summ           ###.....     9%          3    ###....
 Summon Guardian Golem    Hex/Summ       #.......     22%         3    ###....
 Summon Ice Beast         Ice/Summ       #.......     58%         4    #####..
 Summon Lightning Spire   Summ/Air       #.......     58%         4    #####..


Dungeon Overview and Level Annotations

Branches:
Dungeon (2/15)

Altars:


Innate Abilities, Weirdness & Mutations

When hurt, damage is shared between your health and your magic reserves.
You are immune to rotting.


Message History

No target in view!
No target in view!
(D) Dungeon
Where to? (Enter - D:2, ? - help)
What level of the Dungeon? (default 1, ? - help) Magic restored.
You see here a mace.
Some of the chunks of flesh in your inventory have rotted away.
There is a stone staircase leading up here.
You climb upwards.
There is a stone staircase leading down here.
You enter the shallow water.
Moving in this stuff is going to be slow.
You enter the shallow water.
Moving in this stuff is going to be slow.
All of the chunks of flesh in your inventory have rotted away.
There is a large open door here.
There is a staircase leading out of the dungeon here.
Are you sure you want to leave the Dungeon?
This will make you lose the game!
You have escaped!

............#.#.#.#.#.##.# #...
#####.......#.#.#.#.#.##.#####...
#####.####....§§.............'...
............#.§.§...#.#####.##...
#####.#####≈≈≈≈≈≈≈≈≈≈.# #.##...
#.#....≈8≈≈§≈§≈8≈.# #.#####
#.#..#.≈≈8≈§≈§8≈≈.# ##'#####
#.#.##.§≈≈####≈§§§# #....#..
#.#....≈≈≈#.@#≈§≈§# #....#..
#.#.#.#≈§≈#..#≈§§§# #....#..
#.#.#.#≈§≈#§'#≈≈≈.# #....#..
#.#.#.#≈§8§≈≈§8≈≈.# #....#..
#.#.#.#≈8≈≈§§§≈8≈.# #....#..
#^..)..≈≈§§§§§≈≈≈.# ##.###..
###.##.....§§..##.#####'###..
#.####...[...##.........##. #.#
##############.....###


There were no monsters in sight!

Vanquished Creatures
  2 dart slugs (D:1)
  A giant cockroach (D:1)
  2 hobgoblins
  A quokka (D:2)
  A bat (D:2)
  A frilled lizard (D:2)
  A jackal skeleton (D:2)
  3 rats (D:1)
12 creatures vanquished.

Vanquished Creatures (collateral kills)
  An adder (D:2)
  A worm (D:2)
  A leopard gecko (D:2)
  A giant cockroach (D:2)
  2 goblins (D:1)
  3 hobgoblins
  A quokka (D:2)
  2 bats (D:1)
12 creatures vanquished.

Grand Total: 24 creatures vanquished

Notes
Turn   | Place    | Note
-------+----------+-------------------------------------------
     0 | D:1      | Inarius the Demonspawn Summoner began the quest for the
                  | Orb.
     0 | D:1      | Reached XP level 1. HP: 13/13 MP: 3/3
   728 | D:1      | Gained mutation: When hurt, damage is shared between your
                  | health and your magic reserves. [demonic ancestry]
   728 | D:1      | Reached XP level 2. HP: 13/19 MP: 5/5
   823 | D:1      | Learned a level 2 spell: Call Imp
  2212 | D:2      | Gained mutation: You are immune to rotting. [demonic
                  | ancestry]
  2212 | D:2      | Reached XP level 3. HP: 14/25 MP: 2/6
  2462 | D:$      | Got out of the dungeon alive.

Levels and vault maps discovered:
D:1:      lightli_arrival_boilingwater, layout_basic
D:2:      layout_basic, grunt_temple_overflow_holy_war,
          nemelex_diamond_rough_becter

Skill      XL: |  1  2 |
---------------+-------+-----
Dodging        | 2 |  2.0
Fighting       | |  0.4
Stealth        | |  1.8
Spellcasting   | |  2.4
Summonings     | |  4.4

Action                   || total
-------------------------++-------
Melee: Dagger            ||   101
       Unarmed           ||     7
 Cast: Summon Small Mamm ||     7
       Call Imp          ||     8
 Stab: Sleeping          ||     2
  Eat: Chunk             ||     5
Armor: Robe              ||    18
Dodge: Dodged            ||    65

Table legend:
 A = Non-vault XP
 B = Vault XP
 C = Vault XP percentage of total XP
 D = Non-vault monster count
 E = Vault monster count
 F = Vault count percentage of total count
                 A         B        C        D         E       F
            +---------+---------+-------+---------+---------+-------
      Total |      45 |       0 |   0.0 |      24 |       0 |   0.0
            +---------+---------+-------+---------+---------+-------
        D:1 |      21 |       0 |   0.0 |      12 |       0 |   0.0
        D:2 |      24 |       0 |   0.0 |      12 |       0 |   0.0
            +---------+---------+-------+---------+---------+-------
